 Dungeon Crawl Stone Soup version 0.23-a0-767-gdc19b93d68 (webtiles) character file.

417 Esekla the Cutter (level 6, -1/42 HPs)
             Began as an Octopode Wanderer on Jan 22, 2019.
             Was a Follower of Ashenzari.
             Slain by an orc priest
             ... wielding a +0 trident
              (12 damage)
             ... on level 4 of the Dungeon.
             The game lasted 00:22:38 (3119 turns).

Esekla the Cutter (Octopode Wanderer)               Turns: 3119, Time: 00:22:45

Health: -1/42      AC:  2    Str: 13    XL:     6   Next: 93%
Magic:  9/9        EV: 13    Int: 16    God:    Ashenzari [*.....]
Gold:   206        SH:  0    Dex: 10    Spells: 0/9 levels left

rFire    . . .     SeeInvis .   b - +1 dagger (venom)
rCold    . . .     Gourm    .   (no shield)
rNeg     . . .     Faith    .   (helmet restricted)
rPois    .         Spirit   .   (no amulet)
rElec    .         Reflect  .   t - +1 ring of protection
rCorr    .         Harm     .   (no ring)
MR       .....                  (no ring)
Stlth    +++.......             (no ring)
HPRegen  0.14/turn              (no ring)
MPRegen  0.11/turn              (no ring)
                                (no ring)
                                (no ring)

@: no status effects
A: almost no armour, stealthy swim, amphibious, 8 rings, constrict 8, camouflage
1, gelatinous body 1
a: Curse Item, Scrying, Renounce Religion


You were on level 4 of the Dungeon.
You worshipped Ashenzari.
Ashenzari was aware of your devotion.
You were not hungry.

You visited 1 branch of the dungeon, and saw 4 of its levels.

You collected 206 gold pieces.

Inventory:

Hand Weapons
 b - a +1 dagger of venom (weapon)
Jewellery
 t - a +1 ring of protection (left tentacle)
Wands
 c - a wand of random effects (15)
Scrolls
 d - a scroll of fear {unknown}
 i - 2 scrolls of remove curse
 j - a scroll of teleportation {unknown}
 l - a scroll of enchant armour {unknown}
 n - 2 scrolls of enchant weapon {unknown}
 r - a scroll of identify
 s - a scroll of amnesia {unknown}
Potions
 a - 5 potions of lignification
 e - a potion of agility {unknown}
 g - a potion of degeneration {unknown}
 h - a potion of curing
 k - 2 potions of flight {unknown}
 m - a potion of mutation {unknown}
 o - a potion of brilliance {unknown}
 p - 2 potions of resistance
 q - a potion of berserk rage {unknown}
 u - a potion of heal wounds {unknown}
Comestibles
 f - 4 rations


   Skills:
 * Level 3.3 Fighting
 * Level 4.4 Short Blades
 + Level 2.5 Dodging
 - Level 3.1 Stealth
   Level 1.0 Shields
 + Level 2.2 Spellcasting
 + Level 3.2 Hexes
 - Level 1.1 Evocations


You couldn't memorise any spells.
You knew the following spells:

 Your Spells              Type           Power        Failure   Level  Hunger
a - Corona                Hex            ##.....      5%          1    #......
b - Blink                 Tloc           N/A          30%         2    ###....
c - Confuse               Hex            ##......     16%         3    ###....
d - Tukima's Dance        Hex            ##......     16%         3    ###....

Your spell library contained the following spells:

 Spells                   Type           Power        Failure   Level  Hunger
 Slow                     Hex            ##......     9%          2    ###....
 Ensorcelled Hibernation  Hex/Ice        #.....       16%         2    ###....
 Freeze                   Ice            #...         21%         1    #......
 Magic Dart               Conj           #...         21%         1    #......
 Call Imp                 Summ           #.......     30%         2    ###....
 Dazzling Spray           Conj/Hex       #.....       30%         3    ###....
 Conjure Flame            Conj/Fire      #.......     52%         3    ###....
 Mephitic Cloud           Conj/Pois/Air  #.......     52%         3    ###....
 Ozocubu's Armour         Chrm/Ice       #.......     52%         3    ###....


Dungeon Overview and Level Annotations

Branches:
Dungeon (4/15)
 Temple: D:4-7

Altars:
Ashenzari
Cheibriados
The Shining One


Innate Abilities, Weirdness & Mutations

You cannot wear most types of armour.
You are very stealthy in the water. (Stealth+)
You are amphibious.
You can wear up to eight rings at the same time.
You can use your tentacles to constrict eight enemies at once.
Your skin changes colour to match your surroundings (Stealth+).
Your rubbery body absorbs attacks. (AC +1, EV +1)


Message History

The orc hits you with a +0 club.
* * * LOW HITPOINT WARNING * * *
You hit the orc.
The orc looks even sicker.
You squeeze the orc.
You kill the orc!
The orc priest looks encouraged for a moment.
The orc priest calls down the wrath of Beogh upon you.
Pain shoots through your body!
* * * LOW HITPOINT WARNING * * *
You hit the orc priest.
The orc priest is poisoned.
Your grab misses the orc priest.
The orc priest is moderately wounded.
You feel better.
The orc priest miscasts a cantrip.
You hit the orc priest but do no damage.
The orc priest looks as sick as possible!
You grab the orc priest.
The orc priest is moderately wounded.
You constrict the orc priest.
The orc priest hits you with a +0 trident!
You die...

.....#####...o....## ...
#####.o..o..# #
#.####.....## ####
#..####..ooo# #..###
#...#######o# #....##
###...o######.# ......##
##.#..#..oo(.#.# ##
.......###._..#######.).#
##.
......(.###.#..#@.)...###
#.. ........#
###..o.###### ##.
#.......### #...###### #.
##........# #..####..###
#. ##......## #.##
#.....### #. ##.......##
### ##......### #.
.......#..#######
####.....######
.#######>.##....##
###......### ##
##.#......# ####.......


You could see an orc priest.

Vanquished Creatures
  An ogre (D:4)
  A howler monkey (D:4)
  2 orc wizards
  An orc priest (D:3)
  A hound (D:4)
  A bullfrog skeleton (D:4)
  An iguana (D:4)
  A worker ant (D:4)
  Terence (D:2)
  An adder (D:3)
  3 oozes
  A dart slug (D:1)
  A leopard gecko (D:1)
  9 orcs
  A giant cockroach (D:2)
  3 goblins
  7 hobgoblins
  2 quokkas
  7 bats
  2 frilled lizards (D:4)
  8 kobolds
  4 rats
59 creatures vanquished.

Notes
Turn   | Place    | Note
-------+----------+-------------------------------------------
     0 | D:1      | Esekla the Octopode Wanderer began the quest for the Orb.
     0 | D:1      | Esekla set off with the following items: a wand of random
                  | effects (15), a +0 club, a ration; and the following spells
                  | available to memorise: Corona, Ensorcelled Hibernation,
                  | Confuse, Tukima's Dance, Freeze, Dazzling Spray, Ozocubu's
                  | Armour
     0 | D:1      | Reached XP level 1. HP: 13/13 MP: 3/3
     2 | D:1      | Learned a level 1 spell: Corona
   117 | D:1      | Reached XP level 2. HP: 12/18 MP: 5/5
   347 | D:1      | Reached skill level 1 in Short Blades
   404 | D:1      | Reached XP level 3. HP: 18/23 MP: 6/6
   462 | D:2      | Noticed Terence
   467 | D:2      | Killed Terence
   951 | D:2      | Reached XP level 4. HP: 29/29 MP: 7/7
   962 | D:2      | Learned a level 3 spell: Tukima's Dance
   966 | D:2      | Learned a level 3 spell: Confuse
  1468 | D:3      | Found a shattered altar of Ashenzari.
  1480 | D:3      | Became a worshipper of Ashenzari the Shackled
  1529 | D:3      | Found a faded altar of an unknown god.
  1825 | D:3      | Reached skill level 2 in Short Blades
  1946 | D:3      | Reached XP level 5. HP: 17/35 MP: 8/8
  2221 | D:4      | Reached skill level 3 in Short Blades
  2370 | D:4      | Found a snail-covered altar of Cheibriados.
  2455 | D:4      | Reached XP level 6. HP: 30/41 MP: 9/9
  2459 | D:4      | Learned a level 2 spell: Blink
  2561 | D:4      | Reached skill level 4 in Short Blades
  2638 | D:4      | Reached * piety under Ashenzari
  3031 | D:4      | Found a glowing golden altar of the Shining One.
  3119 | D:4      | Slain by an orc priest

Vault maps used:
D:1:      beargit_arrival_greenhouse, chequers_jeans
D:2:      minmay_puff, uniq_terence
D:3:      ashenzari_altar_1, chequers_ecumenical_altar_grove
D:4:      cheibriados_altar_1, nicolae_tso_swordbearing_angel, first_ration,
          minmay_misc_feat_enclosed

Skill      XL: |  1  2  3  4  5  6 |
---------------+-------------------+-----
Short Blades   | 1 2 3 4 |  4.4
Stealth        | 2 3 |  3.1
Dodging        | 2 |  2.5
Fighting       | 2 3 |  3.3
Shields        | |  1.0
Spellcasting   | |  2.2
Hexes          | |  3.2
Evocations     | |  1.1

Action                   |  1- 3 |  4- 6 || total
-------------------------+-------+-------++-------
Melee: Dagger            |    37 |   103 ||   140
       Club              |     4 |       ||     4
       Tentacles         |     8 |    21 ||    29
       Constrict         |    10 |    24 ||    34
 Cast: Corona            |     2 |     2 ||     4
  Use: Scroll            |       |     3 ||     3
       Potion            |       |     3 ||     3
 Stab: Sleeping          |     9 |     3 ||    12
  Eat: Ration            |       |     2 ||     2
Armor: Skin              |     3 |     8 ||    11
Dodge: Dodged            |    15 |    51 ||    66

Table legend:
 A = Non-vault XP
 B = Vault XP
 C = Vault XP percentage of total XP
 D = Non-vault monster count
 E = Vault monster count
 F = Vault count percentage of total count
                 A         B        C        D         E       F
            +---------+---------+-------+---------+---------+-------
      Total |     562 |      35 |   5.9 |      56 |       3 |   5.1
            +---------+---------+-------+---------+---------+-------
        D:1 |      38 |       0 |   0.0 |      15 |       0 |   0.0
        D:2 |      15 |      35 |  70.0 |       8 |       3 |  27.3
        D:3 |     125 |       0 |   0.0 |      18 |       0 |   0.0
        D:4 |     384 |       0 |   0.0 |      15 |       0 |   0.0
            +---------+---------+-------+---------+---------+-------
